 Dungeon Crawl Stone Soup version 0.27-a0-931-g5a74e75d8f (webtiles) character file.

Game seed: 5425201899223576932

592 jestyr24 the Slasher (level 7, -2/51 (60) HPs)
             Began as a Minotaur Fighter on Apr 10, 2021.
             Slain by a wight
             ... wielding a +3 trident of freezing
              (3 damage)
             ... on level 5 of the Dungeon.
             The game lasted 00:10:00 (3666 turns).

jestyr24 the Slasher (Minotaur Fighter)             Turns: 3666, Time: 00:10:01

HP:   -2/51 (60)    AC: 11    Str: 23    XL:     7   Next: 16%
MP:   6/6           EV:  6    Int:  5    God:
Gold: 215           SH: 10    Dex:  9    Spells: 6/6 levels left

rFire    . . .     SeeInvis +   a - +0 long sword
rCold    . . .     Faith    .   c - +0 kite shield
rNeg     . . .     Spirit   .   h - +0 chain mail
rPois    +         Reflect  .   (helmet restricted)
rElec    .         Harm     .   o - +0 cloak
rCorr    .         Rampage  .   (no gloves)
Will     .....                  (no boots)
Stlth    ..........             (no amulet)
HPRegen  0.17/turn              e - ring of see invisible
MPRegen  0.10/turn              j - ring of poison resistance

@: heavily drained
A: horns 2, retaliatory headbutt
a: no special abilities


You were on level 5 of the Dungeon.
You visited 1 branch of the dungeon, and saw 5 of its levels.

You collected 215 gold pieces.

Inventory:

Hand Weapons
 a - a +0 long sword (weapon)
 n - a +2 dire flail of protection
Missiles
 l - 16 poisoned darts (quivered)
Armour
 c - a +0 kite shield (worn)
 h - a +0 chain mail (worn)
 o - a +0 cloak (worn)
Jewellery
 e - a ring of see invisible (left hand)
 j - a ring of poison resistance (right hand)
Wands
 m - a wand of iceblast (11)
Scrolls
 f - 4 scrolls of identify {unknown}
 g - 5 scrolls of amnesia {unknown}
 i - 2 scrolls of fear {unknown}
 p - 2 scrolls of acquirement {unknown}
 r - a scroll of magic mapping {unknown}
Potions
 b - a potion of attraction {unknown}
 d - a potion of might
 k - 3 potions of heal wounds {unknown}
 q - 2 potions of haste {unknown}


   Skills:
 + Level 4.7 Fighting
 + Level 6.2 Long Blades
 + Level 0.7 Throwing
 + Level 5.5 Armour
 + Level 1.0 Dodging
 + Level 0.6 Stealth
 + Level 5.5 Shields


You had 6 spell levels left.
You didn't know any spells.
Your spell library was empty.

Dungeon Overview and Level Annotations

Branches:
Dungeon (5/15)
 Temple: D:4-7

Altars:
Vehumet


Innate Abilities, Weirdness & Mutations

You have a pair of horns on your head.
You reflexively headbutt those who attack you in melee.


Message History

The wight hits you from afar with a +3 trident of freezing.
You feel drained. The wight freezes you. The wight hits you with a +0 flail.
You feel drained.
You completely miss the wight. Your headbutt misses the wight.
The wight is almost destroyed.
The wight hits you from afar with a +3 trident of freezing.
You feel drained. The wight freezes you. You block the wight's attack.
You hit the wight.
You destroy the wight!
You block the wight's attack.
Your Long Blades skill increases to level 6!
Your chain mail prevents you from hitting the wight.
You headbutt the wight, but do no damage.
The wight is heavily damaged.
You block the wight's attack.
The wight hits you from afar with a +3 trident of freezing.
The wight freezes you. The wight hits you with a +3 scimitar.
The wight barely misses you.
You hit the wight. You headbutt the wight!
The wight is almost destroyed.
The wight closely misses you.
The wight hits you from afar with a +3 trident of freezing!
You feel drained. The wight freezes you.
* * * LOW HITPOINT WARNING * * *
You closely miss the wight.
The wight is almost destroyed.
The wight hits you with a +3 scimitar.
* * * LOW HITPOINT WARNING * * *
You feel drained.
* * * LOW HITPOINT WARNING * * *
You block the wight's attack.
You barely miss the wight.
The wight is almost destroyed.
You block the wight's attack.
The wight hits you from afar with a +3 trident of freezing!
* * * LOW HITPOINT WARNING * * *
You feel drained.
* * * LOW HITPOINT WARNING * * *
The wight freezes you.
You die...

#.# #.#
#.# #.#
#.# #.#
# #.#
#.#@#
#.#z#
#.z<#
###)#
#......#
########


You could see 2 wights.

Vanquished Creatures
  Edmund (D:4)
  3 scorpions
  2 wights (D:5)
  A hound (D:2)
  2 orc priests (D:4)
  4 adders
  2 adder skeletons (D:4)
  6 orcs
  9 endoplasms
  A giant cockroach (D:2)
  3 goblins
  8 hobgoblins
  4 jackals (D:3)
  4 quokkas
  9 ball pythons
  10 bats
  2 frilled lizards (D:3)
  9 kobolds
  9 rats
89 creatures vanquished.

Notes
Turn   | Place    | Note
-------+----------+-------------------------------------------
     0 | D:1      | jestyr24 the Minotaur Fighter began the quest for the Orb.
     0 | D:1      | Reached XP level 1. HP: 19/19 MP: 0/0
   122 | D:1      | Reached XP level 2. HP: 22/27 MP: 1/1
   298 | D:1      | Found a faded altar of an unknown god.
   712 | D:2      | Reached XP level 3. HP: 33/33 MP: 2/2
   766 | D:2      | Noticed a scorpion
   781 | D:2      | Killed a scorpion
   782 | D:2      | Reached skill level 3 in Long Blades
   782 | D:2      | Reached XP level 4. HP: 19/40 MP: 3/3
  1100 | D:2      | Reached XP level 5. HP: 45/47 MP: 4/4
  1190 | D:2      | Reached skill level 5 in Shields
  1206 | D:2      | Reached skill level 4 in Long Blades
  2606 | D:4      | Noticed Edmund
  2631 | D:4      | Killed Edmund
  2632 | D:4      | Reached skill level 5 in Long Blades
  2632 | D:4      | Reached skill level 5 in Armour
  2632 | D:4      | Reached skill level 1 in Dodging
  2632 | D:4      | Reached XP level 6. HP: 18/53 MP: 5/5
  2845 | D:4      | Found a radiant altar of Vehumet.
  3584 | D:5      | Entered Level 5 of the Dungeon
  3589 | D:5      | Reached XP level 7. HP: 48/60 MP: 6/6
  3663 | D:5      | Reached skill level 6 in Long Blades
  3666 | D:5      | HP: 2/53 [wight/+3 trident of freezing (9)]
  3666 | D:5      | Slain by a wight

Illustrated notes

Levels and vault maps discovered:
D:1:      sevenhm_arrival_forest_fort_large_2, layout_basic,
          hellmonk_ecumenical_altar_crossroads
D:2:      layout_basic
D:3:      minmay_skewed_foursquare, layout_basic
D:4:      layout_gridville, nicolae_vehumet_altar_sigil, uniq_edmund
D:5:      layout_basic, nicolae_overflow_crystal_walls, uniq_grinder

Skill      XL: |  1  2  3  4  5  6  7 |
---------------+----------------------+-----
Fighting       | 4 |  4.7
Armour         | 4 5 |  5.5
Shields        | 4 5 |  5.5
Long Blades    | 3 5 6 |  6.2
Dodging        | 1 |  1.0
Throwing       | |  0.7
Stealth        | |  0.6

Action                   |  1- 3 |  4- 6 |  7- 9 || total
-------------------------+-------+-------+-------++-------
Melee: Long sword        |    80 |   135 |    16 ||   231
       Headbutt          |    14 |    25 |     5 ||    44
Throw: Dart              |       |    11 |       ||    11
Armor: Scale mail        |    19 |       |       ||    19
       Chain mail        |    28 |    64 |     3 ||    95
Dodge: Dodged            |    18 |    38 |     4 ||    60
Block: Kite shield       |    68 |    92 |    12 ||   172
       Rpst.: Long sword |     6 |    14 |     1 ||    21

Table legend: (Time is in decaauts)
 A = Elapsed time spent in this place.
 B = Non-inter-level travel time spent in this place.
 C = Inter-level travel time spent in this place.
 D = Time resting spent in this place.
 E = Time spent auto-exploring this place.
 F = Levels seen in this place.
 G = Mean time per level.
                   A        B        C        D        E       F      G
               +--------+--------+--------+--------+--------+-----+--------+
         Total |   3761 |   3640 |    121 |    720 |   1995 |   5 |  752.2 |
       Dungeon |   3761 |   3640 |    121 |    720 |   1995 |   5 |  752.2 |
               +--------+--------+--------+--------+--------+-----+--------+

Top non-repeatable levels by time:
     D:4: 1272 daAuts
     D:3: 854 daAuts
     D:2: 812 daAuts
     D:1: 734 daAuts
     D:5: 87 daAuts
